 Dungeon Crawl Stone Soup version 0.29.1-12-g30fa7ad0bf (webtiles) character file.

Game seed: 4276170746381835224

10 DildoBatman the Conjurer (level 2, 0/19 (20) HPs)
             Began as a Formicid Conjurer on Jan 13, 2023.
             Slain by a jackal (3 damage)
             ... on level 2 of the Dungeon.
             The game lasted 00:01:30 (328 turns).

DildoBatman the Conjurer (Formicid Conjurer)         Turns: 328, Time: 00:01:30

HP:   0/19 (20)     AC:  2    Str: 11    XL:     2   Next: 30%
MP:   1/5           EV: 12    Int: 17    God:
Gold: 18            SH:  0    Dex: 12    Spells: 2/5 levels left

rFire   . . .      SeeInvis +   e - +0 sling
rCold   . . .      Faith    .   (no shield)
rNeg    . . .      Spirit   .   a - +0 robe
rPois   .          Reflect  .   (helmet unavailable)
rElec   .          Harm     .   (no cloak)
rCorr   .          Rampage  .   (no gloves)
Will    .....                   (no boots)
Stlth   ++........              (no amulet)
HPRegen 0.06/turn               (no ring)
MPRegen 0.09/turn               (no ring)

@: drained
A: permanent stasis, dig shafts and tunnels, antennae 3, four strong arms
a: Dig, Shaft Self


You were on level 2 of the Dungeon.
You visited 1 branch of the dungeon, and saw 2 of its levels.

You collected 18 gold pieces.

Inventory:

Hand Weapons
 c - a +0 club
 e - a +0 sling (weapon)
Missiles
 d - 5 stones
Armour
 a - a +0 robe (worn)
Scrolls
 f - a scroll of vulnerability {unknown}
Potions
 b - a potion of magic


   Skills:
 * Level 0.6 Fighting
 * Level 0.6 Armour
 * Level 1.9 Dodging
 - Level 2.4 Stealth
 * Level 2.3 Spellcasting
 * Level 3.7 Conjurations


You had 2 spell levels left.
You knew the following spells:

 Your Spells              Type           Power      Damage    Failure   Level
a - Searing Ray           Conj           28%        2d5       6%          2
c - Magic Dart            Conj           56%        1d5       4%          1

Your spell library contained the following spells:

 Spells                   Type           Power      Damage    Failure   Level
 Dazzling Flash           Conj/Hex       16%        N/A       26%         3
 Fulminant Prism          Conj/Hex       4%         3d6       65%         4
 Iskenderun's Mystic Bla  Conj/Tloc      8%         2d4       65%         4


Dungeon Overview and Level Annotations

Branches:
Dungeon (2/15)

Altars:


Innate Abilities, Weirdness & Mutations

You cannot be hasted, slowed, berserked, paralysed or teleported.
You can dig through walls and to a lower floor.
You have a pair of large antennae on your head. (SInv)
Your four strong arms can wield two-handed weapons with a shield.


Message History

Okay, then.
You shoot a sling bullet.
The sling bullet closely misses the jackal.
The sling bullet barely misses the quokka.
The quokka twitches its whiskers.
You shoot a sling bullet.
The sling bullet closely misses the jackal.
The sling bullet hits the quokka.
You kill the quokka!
The jackal misses you. The jackal barely misses you.
You shoot a sling bullet.
The sling bullet barely misses the jackal.
The sling bullet hits the worm.
The worm is moderately wounded.
The jackal bites you. The jackal barely misses you.
You shoot a sling bullet. The sling bullet hits the jackal.
The jackal is heavily wounded.
The jackal bites you. The jackal barely misses you.
You shoot a sling bullet.
The sling bullet closely misses the jackal.
The sling bullet hits the worm.
The worm is moderately wounded.
The jackal misses you. The jackal bites you.
Casting: Searing Ray (safe; 6% risk of failure)
Confirm with . or Enter, or press ? or * to list all spells.
Aiming: Searing Ray (safe; 6% risk of failure)
Press: ? - help, Shift-Dir - straight line, f - worm, p - jackal
Aim: a worm (moderately wounded, 92% to hit)
The searing ray hits the jackal!
You kill the jackal!
The searing ray hits the worm!
The worm is almost dead. (Press . to maintain the ray.)
The jackal bites you.
You die...

## .. .#
#+ .# #.
.#####
#.#.....#
#.@##
#.#h#
#.#w†.#
#.###.#
#. .# #.
. #. ##
#.


You could see a worm and a jackal.

Vanquished Creatures
  2 endoplasms (D:1)
  A giant cockroach (D:1)
  A goblin (D:1)
  A jackal (D:2)
  A quokka (D:2)
  2 frilled lizards (D:1)
  2 kobolds (D:1)
  A rat (D:1)
11 creatures vanquished.

Vanquished Creatures (others)
  A plant (D:1)
1 creature vanquished.

Grand Total: 12 creatures vanquished

Notes
Turn   | Place    | Note
-------+----------+-------------------------------------------
     0 | D:1      | DildoBatman the Formicid Conjurer began the quest for the
                  | Orb.
     0 | D:1      | Reached XP level 1. HP: 13/13 MP: 3/3
   228 | D:1      | Reached XP level 2. HP: 10/20 MP: 1/5
   235 | D:1      | Learned a level 2 spell: Searing Ray
   328 | D:2      | Slain by a jackal

Illustrated notes

Levels and vault maps discovered:
D:1:      wander_arrival_fairy_ring, layout_rooms, chequers_mini_garden,
          grunt_decor_cap, kennysheep_flooded_box, minivault_4,
          minmay_rat_gold_closets
D:2:      layout_basic, serial_shops, nicolae_lakefront_shop

Action                   || total
-------------------------++-------
Melee: Club              ||     1
       Unarmed           ||     1
 Fire: Sling             ||    15
 Cast: Magic Dart        ||    13
       Searing Ray       ||     1
 Abil: Dig               ||     1
Armor: Robe              ||     4
Dodge: Dodged            ||    27
